details: 'Punkdog1'

« prev index next »

General information

Mini Map

Players

team 1
OrcATempT (red | 96 APM | 1399 actions | 14:38)
Hero icon 4 Blademaster
Ability icon 2 Wind Walk
Ability icon 2 Critical Strike
Hero icon 2 Shadow Hunter
Ability icon 1 Hex
Ability icon 1 Healing Wave

» actions
Assign group hotkey10
Basic commands2
Build / train46
Enter build submenu21
Enter hero's abilities submenu6
Give item / drop item1
Remove unit from queue1
Right click824
Select / deselect180
Select group hotkey253
Use ability55
1399 total
» units
Peon7
Grunt11
Demolisher1
Wind Rider2
21 total
» upgrades
Berserker Strength1
1 total
» buildings
Altar of Storms1
Orc Burrow3
Barracks1
Voodoo Lounge3
Stronghold1
War Mill1
Watch Tower7
Beastiary2
19 total
» build order
00:06 Altar of Storms
00:19 Orc Burrow
00:39 Barracks
01:27 Orc Burrow
03:48 Voodoo Lounge
03:53 Orc Burrow
03:54 Stronghold
06:08 War Mill
08:12 Watch Tower
08:18 Watch Tower
08:26 Watch Tower
08:48 Watch Tower
10:20 Voodoo Lounge
10:28 Voodoo Lounge
10:42 Watch Tower
10:48 Watch Tower
11:04 Beastiary
11:05 Beastiary
11:51 Watch Tower
» items
Boots of Speed1
Circlet of Nobility1
Healing Salve4
Lesser Clarity Potion3
Potion of Healing4
Potion of Mana1
14 total
team 2
Undead_NIKOLLAS_ (blue | 44 APM | 634 actions | 14:33)
Hero icon 1 Death Knight
Ability icon 1 Death Coil

» actions
Assign group hotkey13
Basic commands8
Build / train41
Enter build submenu15
Enter hero's abilities submenu1
Remove unit from queue2
Right click225
Select / deselect242
Select group hotkey62
Use ability25
634 total
» units
Acolyte10
Ghoul7
Crypt Fiend9
26 total
» upgrades
Creature Attack1
Creature Carapace1
Web1
3 total
» buildings
Altar of Darkness1
Ziggurat7
Crypt1
Graveyard1
Spirit Tower6
Halls of the Dead1
17 total
» build order
00:06 Altar of Darkness
00:11 Ziggurat
00:37 Crypt
01:02 Graveyard
01:22 Ziggurat
03:29 Spirit Tower
04:40 Halls of the Dead
05:30 Spirit Tower
05:44 Ziggurat
06:11 Ziggurat
07:53 Spirit Tower
09:44 Ziggurat
10:39 Spirit Tower
11:10 Ziggurat
11:45 Ziggurat
12:15 Spirit Tower
12:43 Spirit Tower